 Dungeon Crawl Stone Soup version 0.30-a0-1124-g6e8f0f562f (webtiles) character file.

Game seed: 5477170242922666529

2283 avis the Ducker (level 8, -1/68 HPs)
             Began as a Demigod Transmuter on Apr 23, 2023.
             Slain by a vampire (8 damage)
             ... on level 7 of the Dungeon.
             The game lasted 00:47:55 (6874 turns).

avis the Ducker (Demigod Transmuter)                Turns: 6874, Time: 00:47:55

Health: -1/68      AC:  6    Str: 18    XL:     8   Next: 95%
Magic:  17/17      EV: 14    Int: 15    God:
Gold:   327        SH:  0    Dex: 18    Spells: 5/15 levels left

rFire   . . .        a - +3 quarterstaff of the Ecumenical Temple {speed, Str+3}
rCold   . . .        (shield currently unavailable)
rNeg    + . .        L - +3 leather armour {rPois}
rPois   +            (no helmet)
rElec   .            (no cloak)
rCorr   .            (no gloves)
SInv    .            (no boots)
Will    .....        k - amulet of reflection
Stlth   +            w - ring of positive energy
HPRegen 0.31/turn    (no ring)
MPRegen 0.15/turn

%: reflection
@: confused
A: high MP 1, forlorn, divine attributes
a: no special abilities


You were on level 7 of the Dungeon.
You visited 1 branch of the dungeon, and saw 7 of its levels.
You also visited: Ossuary.

You collected 327 gold pieces.

Inventory:

Hand Weapons
 a - the +3 quarterstaff of the Ecumenical Temple (weapon) {speed, Str+3}
   (You found it on level 4 of the Dungeon)

   Str:       It affects your strength (+3).
 b - a +0 sling
 q - a +3 spear
 u - a +1 antimagic long sword
 A - a +2 dagger of electrocution
 C - a +0 short sword of draining
 J - a +0 dagger of venom
 Q - a +1 scythe of flaming
Missiles
 g - 10 poisoned darts
 h - 70 stones
Armour
 f - a +0 robe
 m - a +2 buckler
 y - the +1 leather armour of Grace {Harm rC+}
   (You found it on level 3 of the Dungeon)

   rC:        It protects you from cold.
   Harm:      It increases damage dealt and taken.
 L - a +3 leather armour of poison resistance (worn)
Jewellery
 k - an amulet of reflection (around neck)
 w - a ring of positive energy (left hand)
 B - a ring of fire
 P - a ring of magical power
Wands
 x - a wand of digging (7)
Scrolls
 d - 3 scrolls of teleportation
 e - a scroll of noise {unknown}
 i - a scroll of butterflies {unknown}
 l - 2 scrolls of poison
 n - 3 scrolls of magic mapping
 o - a scroll of fog {unknown}
 r - a scroll of amnesia {unknown}
 t - a scroll of acquirement {unknown}
 z - 4 scrolls of identify {unknown}
 D - 2 scrolls of enchant weapon {unknown}
 G - a scroll of immolation {unknown}
 K - 2 scrolls of enchant armour {unknown}
 N - 2 scrolls of vulnerability {unknown}
 O - 2 scrolls of silence {unknown}
Potions
 c - 2 potions of heal wounds {unknown}
 j - 2 potions of lignification
 p - a potion of haste {unknown}
 s - 2 potions of ambrosia
 v - 3 potions of mutation {unknown}
 E - a potion of flight {unknown}
 F - 2 potions of attraction {unknown}
 H - a potion of magic {unknown}
 I - a potion of might {unknown}
 M - a potion of berserk rage {unknown}


   Skills:
 - Level 5.0 Fighting
 * Level 5.5 Dodging
 * Level 5.5 Unarmed Combat
 - Level 4.0 Spellcasting
 - Level 4.0 Transmutations
 - Level 4.0 Ice Magic
 - Level 1.0 Poison Magic


You had 5 spell levels left.
You knew the following spells:

 Your Spells              Type           Power      Damage    Failure   Level
a - Beastly Appendage     Tmut           30%        N/A       4%          1
e - Wereblood             Tmut           15%        N/A       6%          2
p - Spider Form           Tmut/Pois      10%        N/A       22%         3
q - Ice Form              Ice/Tmut       15%        N/A       38%         4

Your spell library contained the following spells:

 Spells                   Type           Power      Damage    Failure   Level


Dungeon Overview and Level Annotations

Branches:
Dungeon (7/15)            Ossuary (visited)
 Temple: D:4-7

Shops:
D:5 (

Annotations:
D:1 treasure surrounded by fire
D:5 1 runed translucent door, Yeetaclus's ghost, amateur TrFi


Innate Abilities, Weirdness & Mutations

You have an increased reservoir of magic. (+10% MP)
You shall have no god before yourself.
Your divine heritage dramatically boosts your attributes as you level up.


Message History

The vampire draws life force from you!
The vampire is healed by the life force!
You hit the vampire but do no damage.
The vampire is severely damaged.
The vampire casts a spell at you.
You are confused.
You completely miss the vampire. You claw the vampire, but do no damage.
You headbutt the vampire.
The vampire is severely damaged.
The vampire draws life force from you.
The vampire is healed by the life force!
You hit the vampire but do no damage. Your kick misses the vampire.
Your headbutt misses the vampire.
The vampire is heavily damaged.
Your horns disappear.
Your talons disappear.
The vampire hits you! The vampire bites you!
The vampire draws strength from your injuries!
It was a potion of ambrosia.
You are more confused.
You feel invigorated. The vampire hits you!
* * * LOW HITPOINT WARNING * * *
The vampire closely misses you. The vampire hits you!
* * * LOW HITPOINT WARNING * * *
The vampire misses you.
You bump into the rock wall.
You feel less invigorated. The vampire draws life force from you.
* * * LOW HITPOINT WARNING * * *
The vampire is healed by the life force!
You bump into the rock wall.
The vampire closely misses you. The vampire bites you.
* * * LOW HITPOINT WARNING * * *
The vampire draws strength from your injuries!
You closely miss the vampire.
The vampire is heavily damaged.
You're too confused to move!
The vampire hits you.
* * * LOW HITPOINT WARNING * * *
The vampire closely misses you.
You bump into the rock wall.
The vampire hits you!
You die...

......##.#######.........#
.......#..#..............#
........................$#
.......####..............#
...............$.........#
.......####..............#
.......#####...#$........#
..............##V........#
................@......>.#
........#####.####......##
..<.......###.# #..###.#
####..8..#.##^# ##..# #
#.....#.##.## ##.##
#.....#.....### #..#
##+++##.##....####.#.###
#..#.##......<...#
##...########..#.#


You could see a vampire.

Vanquished Creatures
  Sigmund (D:6)
  A wyvern (D:6)
  2 water moccasins
  An ice beast (D:5)
  2 black bears
  2 sky beasts (D:6)
  3 ogres
  2 phantoms
  A bullfrog (D:7)
  3 scorpions
  A centaur zombie (Ossuary)
  2 jellies
  3 hounds
  2 orc priests
  An iguana (D:6)
  A sleepcap (D:5)
  2 orc wizards (D:5)
  2 mummies (Ossuary)
  3 gnolls (D:3)
  11 adders
  4 white imps
  2 adder zombies (Ossuary)
  3 worms
  2 dart slugs
  16 orcs
  5 ball pythons
  8 endoplasms
  10 giant cockroaches
  4 goblins
  7 hobgoblins
  5 quokkas
  6 bats
  3 frilled lizards
  2 goblin zombies (Ossuary)
  11 hobgoblin zombies (Ossuary)
  3 jackal zombies (Ossuary)
  6 kobolds
  11 kobold zombies (Ossuary)
  7 orc zombies (Ossuary)
  5 rats
166 creatures vanquished.

Notes
Turn   | Place    | Note
-------+----------+-------------------------------------------
     0 | D:1      | avis the Demigod Transmuter began the quest for the Orb.
     0 | D:1      | Reached XP level 1. HP: 15/15 MP: 5/5
    92 | D:1      | Reached skill level 1 in Fighting
   276 | D:1      | Reached XP level 2. HP: 20/23 MP: 7/7
  1133 | D:2      | Reached XP level 3. HP: 28/28 MP: 6/8
  1136 | D:2      | Learned a level 2 spell: Wereblood
  1140 | D:2      | Learned a level 3 spell: Spider Form
  1215 | D:2      | Reached skill level 1 in Poison Magic
  2133 | D:3      | Reached XP level 4. HP: 36/36 MP: 7/9
  2200 | D:3      | Identified the +1 leather armour of Grace {Harm rC+}
  2792 | D:3      | Reached XP level 5. HP: 38/42 MP: 10/10
  3000 | D:4      | Identified the +3 quarterstaff of the Ecumenical Temple
                  | {speed, Str+3}
  3177 | D:4      | Reached XP level 6. HP: 51/51 MP: 9/12
  3502 | D:4      | Learned a level 4 spell: Ice Form
  3593 | D:5      | Entered Level 5 of the Dungeon
  3654 | D:5      | Noticed a water moccasin
  3845 | D:5      | Found a sand-covered staircase.
  3854 | Ossuary  | Entered an ossuary
  4396 | D:5      | Reached XP level 7. HP: 46/58 MP: 14/14
  4622 | D:5      | Reached skill level 1 in Ice Magic
  4933 | D:5      | Found Saos's Weapon Shoppe.
  5098 | D:5      | Found a runed translucent door.
  5103 | D:5      | Noticed Yeetaclus's ghost (amateur TrFi)
  5468 | D:5      | Reached XP level 8. HP: 63/66 MP: 15/15
  6010 | D:6      | Reached skill level 5 in Fighting
  6010 | D:6      | Reached skill level 5 in Dodging
  6010 | D:6      | Reached skill level 5 in Unarmed Combat
  6098 | D:6      | Noticed Sigmund
  6104 | D:6      | Killed Sigmund
  6874 | D:7      | Slain by a vampire

Illustrated notes

Levels and vault maps discovered:
D:1:      dpeg_arrival_short_road, layout_loops_ring, minmay_misc_feat_ornament,
          lemuel_flame_loot_1
D:2:      layout_loops_cross
D:3:      layout_basic, cheibrodos_ashenzari_chains
D:4:      layout_rooms
D:5:      layout_loops_ring, serial_shops, nicolae_shop_bloodbath_and_beyond,
          ebering_ghost_sewer_d, lightli_ossuary_entry_decrepit_ruins
D:6:      layout_loops_cross, uniq_sigmund
D:7:      layout_rooms, slow_altar_2, minmay_temple_entry_fiery,
          chequers_serial_rivers_small_3

Skill      XL: |  1  2  3  4  5  6  7  8 |
---------------+-------------------------+-----
Fighting       | 1 2 3 4 5 |  5.0
Dodging        | 2 3 4 5 |  5.5
Transmutations | 2 3 4 |  4.0
Spellcasting   | 2 3 4 |  4.0
Poison Magic   | 1 |  1.0
Unarmed Combat | 3 4 5 |  5.5
Ice Magic      | 3 4 |  4.0

Action                     |  1- 3 |  4- 6 |  7- 9 || total
---------------------------+-------+-------+-------++-------
  Melee: Unarmed           |    43 |    16 |    44 ||   103
         Kick              |    25 |    31 |    26 ||    82
         Headbutt          |    10 |    20 |    22 ||    52
         Dagger            |    43 |    22 |       ||    65
         Short sword       |     6 |       |       ||     6
         Quarterstaff      |       |    96 |   118 ||   214
   Fire: Sling             |    17 |    72 |    19 ||   108
   Cast: Beastly Appendage |    30 |    36 |    23 ||    89
         Spider Form       |       |     2 |     5 ||     7
Ability: End Transformatio |       |     1 |       ||     1
    Use: Scroll            |       |     3 |       ||     3
         Potion            |       |       |     1 ||     1
   Stab: Sleeping          |     2 |     3 |       ||     5
 Armour: Robe              |    14 |    15 |     1 ||    30
         Leather armour    |       |       |     7 ||     7
  Dodge: Dodged            |    52 |    81 |    89 ||   222
  Block: Buckler           |     7 |    15 |       ||    22
         Other             |       |    26 |    26 ||    52
         Reflection        |       |     1 |     1 ||     2

Table legend: (Time is in decaauts)
 A = Elapsed time spent in this place.
 B = Non-inter-level travel time spent in this place.
 C = Inter-level travel time spent in this place.
 D = Time resting spent in this place.
 E = Time spent auto-exploring this place.
 F = Levels seen in this place.
 G = Mean time per level.
                   A        B        C        D        E       F      G
               +--------+--------+--------+--------+--------+-----+--------+
         Total |   6863 |   6118 |    745 |   1137 |   2983 |   8 |  857.9 |
       Dungeon |   6337 |   5592 |    745 |    931 |   2983 |   7 |  905.3 |
       Ossuary |    526 |    526 |      0 |    206 |      0 |   1 |  526.0 |
               +--------+--------+--------+--------+--------+-----+--------+

Top non-repeatable levels by time:
     D:5: 1577 daAuts
     D:3: 1133 daAuts
     D:1: 1121 daAuts
     D:2: 910 daAuts
     D:6: 768 daAuts
     D:4: 543 daAuts
 Ossuary: 526 daAuts
     D:7: 280 daAuts
